 Dungeon Crawl Stone Soup version 0.23.2-33-g5129a83184 (webtiles) character file.

Game seed: 13013464055918408252

273 lepoulpe303 the Grave Robber (level 6, -5/46 HPs)
             Began as a Demonspawn Necromancer on July 8, 2019.
             Slain by an ogre
             ... wielding a +0 giant club
              (17 damage)
             ... on level 4 of the Dungeon.
             The game lasted 00:17:50 (3890 turns).

lepoulpe303 the Grave Robber (DsNe)                 Turns: 3890, Time: 00:17:50

Health: -5/46      AC:  3    Str:  8    XL:     6   Next: 2%
Magic:  7/10       EV: 12    Int: 18    God:
Gold:   139        SH:  0    Dex: 14    Spells: 2/10 levels left

rFire    . . .     SeeInvis .   p - +0 short sword
rCold    + . .     Gourm    .   (no shield)
rNeg     . . .     Faith    .   o - +0 robe {MR+} {MR+}
rPois    .         Spirit   .   (helmet restricted)
rElec    .         Reflect  .   (no cloak)
rCorr    .         Harm     .   k - +0 pair of gloves
MR       +....                  (no boots)
Stlth    ++++......             (no amulet)
HPRegen  0.15/turn              (no ring)
MPRegen  0.12/turn              (no ring)

@: heavily drained
A: horns 2, cold resistance 1, nightstalker 2
a: no special abilities


You were on level 4 of the Dungeon.
You were not hungry.

You visited 1 branch of the dungeon, and saw 4 of its levels.

You collected 139 gold pieces.

Inventory:

Hand Weapons
 p - a +0 short sword (weapon)
Missiles
 Q - 130 stones (quivered)
Armour
 a - a +0 robe
 k - a +0 pair of gloves (worn)
 o - a +0 robe of magic resistance (worn) {MR+}
Scrolls
 b - 7 scrolls of identify {unknown}
 f - 2 scrolls of teleportation {unknown}
 h - 2 scrolls of amnesia {unknown}
 i - 2 scrolls of remove curse {unknown}
 l - 2 scrolls of blinking {unknown}
Potions
 c - a potion of might {unknown}
 d - a potion of cancellation {unknown}
 g - a potion of brilliance {unknown}
 m - a potion of curing {unknown}
 n - a potion of ambrosia {unknown}
 q - a potion of mutation {unknown}
 r - a potion of lignification {unknown}
 s - a potion of agility
Comestibles
 e - 10 rations
 j - 2 chunks of flesh


   Skills:
 * Level 2.9(1.7) Fighting
 + Level 2.7(1.6) Dodging
 + Level 2.7(1.5) Stealth
 + Level 2.8(1.7) Spellcasting
 * Level 5.7(4.4) Necromancy


You had 2 spell levels left.
You knew the following spells:

 Your Spells              Type           Power        Failure   Level  Hunger
a - Pain                  Necr           ###.         3%          1    #......
r - Regeneration          Chrm/Necr      #.........   22%         3    ###....
x - Vampiric Draining     Necr           ###.......   9%          3    ###....
A - Animate Skeleton      Necr           N/A          3%          1    #......

Your spell library contained the following spells:

 Spells                   Type           Power        Failure   Level  Hunger
 Animate Dead             Necr           N/A          30%         4    #####..


Dungeon Overview and Level Annotations

Branches:
Dungeon (4/15)
 Temple: D:4-7

Altars:


Innate Abilities, Weirdness & Mutations

You have a pair of horns on your head.
Your flesh is cold resistant. (rC+)
You are significantly more attuned to the shadows.


Message History

There is an entrance to a sewer on this level.
Hurry and find it before the portal rusts away!
An ogre comes into view. It is wielding a +0 giant club.
There is a stone staircase leading up here.
The helpless ogre fails to defend itself.
You hit the ogre. The ogre hits you with a +0 giant club!
* * * LOW HITPOINT WARNING * * *
You take 11 damage, and have 15/46 hp.
MASSIVE DAMAGE!!
There is nothing here that can be animated!
Unknown command.
There is nothing here that can be animated!
Aim: an ogre, wielding a +0 giant club (moderately wounded, chance to defeat MR: 76%)
The ogre barely resists.
You take 1 damage, and have 14/46 hp.
You now have 9/10 mp.
Aim: an ogre, wielding a +0 giant club (moderately wounded, chance to defeat MR: 76%)
The ogre writhes in agony.
The ogre misses you.
You take 1 damage, and have 13/46 hp.
You now have 8/10 mp.
Aim: an ogre, wielding a +0 giant club (moderately wounded, chance to defeat MR: 76%)
The ogre writhes in agony.
The ogre hits you with a +0 giant club!
You die...

..#######
#........
#........
#........
#........
#..@.....
#..O.....
#........
#........
#........
#........


You could see an ogre.

Levels and vault maps discovered:
D:1:      sevenhm_arrival_forest_fort_small_3, layout_rooms
D:2:      layout_basic, serial_forest, infiniplex_forest_zigzag_1,
          infiniplex_forest_lined_1, infiniplex_forest_straight_4,
          infiniplex_forest_clump_small, first_ration, uniq_jessica
D:3:      layout_basic
D:4:      layout_gridville, minmay_temple_entry_enclosed_plants,
          gammafunk_ghost_grave, cheibrodos_sewer_entry_bend, uniq_ijyb

Notes
Turn   | Place    | Note
-------+----------+-------------------------------------------
     0 | D:1      | lepoulpe303 the Demonspawn Necromancer began the quest for
                  | the Orb.
     0 | D:1      | Reached XP level 1. HP: 13/13 MP: 3/3
    65 | D:1      | Identified a +0 club
    90 | D:1      | Identified a +0 club
   266 | D:1      | Identified a +0 dagger
   306 | D:1      | Reached skill level 2 in Dodging
   306 | D:1      | Gained mutation: You are slightly more attuned to the
                  | shadows. [demonic ancestry]
   306 | D:1      | Reached XP level 2. HP: 12/20 MP: 0/5
   367 | D:1      | Learned a level 1 spell: Animate Skeleton
   414 | D:1      | Identified a +0 robe
   574 | D:1      | Reached skill level 1 in Fighting
   792 | D:1      | Identified a +0 dagger
   837 | D:1      | Reached skill level 2 in Stealth
   903 | D:1      | Gained mutation: You have a pair of small horns on your
                  | head. [demonic ancestry]
   903 | D:1      | Reached XP level 3. HP: 19/26 MP: 1/6
   927 | D:1      | Identified a +0 dagger
   981 | D:1      | HP: 6/26 [ooze (5)]
  1180 | D:1      | Identified a +0 club
  1185 | D:1      | Identified a +0 dagger
  1266 | D:1      | Reached skill level 5 in Necromancy
  1392 | D:1      | Identified a +0 pair of gloves (You found it on level 1 of
                  | the Dungeon)
  1445 | D:2      | Learned a level 3 spell: Vampiric Draining
  1715 | D:2      | Gained mutation: Your flesh is cold resistant. (rC+)
                  | [demonic ancestry]
  1715 | D:2      | Reached XP level 4. HP: 30/33 MP: 4/7
  1791 | D:2      | Identified a cursed -2 club
  2074 | D:2      | Reached skill level 2 in Fighting
  2340 | D:2      | Identified a +0 hunting sling
  2486 | D:2      | Identified a +0 robe of magic resistance
  2486 | D:2      | Noticed Jessica
  2490 | D:2      | Killed Jessica
  2490 | D:2      | Gained mutation: You are significantly more attuned to the
                  | shadows. [demonic ancestry]
  2490 | D:2      | Reached XP level 5. HP: 20/38 MP: 2/8
  2786 | D:3      | Identified a +0 club
  2826 | D:3      | Identified a +0 short sword (You found it on level 3 of the
                  | Dungeon)
  2918 | D:3      | Identified a +0 falchion
  2918 | D:3      | Identified a +0 scale mail
  2949 | D:3      | Identified a +0 club
  2950 | D:3      | Identified a +0 falchion
  2950 | D:3      | Identified a +0 leather armour
  2951 | D:3      | Identified a +0 dire flail
  2951 | D:3      | Identified a +0 plate armour
  2951 | D:3      | Noticed an orc warrior
  2951 | D:3      | Identified a +0 whip
  2970 | D:3      | Killed an orc warrior
  3268 | D:3      | Identified a +2 hand axe
  3268 | D:3      | Identified a +0 robe
  3270 | D:3      | Identified a +1 halberd
  3270 | D:3      | Identified a +0 robe
  3270 | D:3      | Identified a cursed +4 halberd
  3270 | D:3      | Identified a +0 robe
  3448 | D:3      | Identified a cursed +0 hand axe
  3448 | D:3      | Identified a +0 robe
  3548 | D:3      | Gained mutation: You have a pair of horns on your head.
                  | [demonic ancestry]
  3548 | D:3      | Reached XP level 6. HP: 43/46 MP: 10/10
  3760 | D:3      | Learned a level 3 spell: Regeneration
  3886 | D:4      | Identified a +0 giant club
  3890 | D:4      | Slain by an ogre

Table legend:
 A = Turns spent in this place as a percentage of turns spent in the entire game.
 B = Non-inter-level travel turns spent in this place as a percentage of non-inter-level travel turns spent in the entire game.
 C = Inter-level travel turns spent in this place as a percentage of turns spent in this place.
 D = Turns resting spent in this place as a percentage of non-inter-level travel turns spent in this place.
 E = Turns spent auto-exploring this place as a percentage of non-inter-level travel turns spent in this place.
 F = Non-inter-level travel turns spent in this place divided by the number of levels of this place that you've seen.
                   A       B       C       D       E      F
               +-------+-------+-------+-------+-------+----------------------
         Total | 100.0 | 100.0 |   4.9 |  28.8 |  39.3 | 924.8
       Dungeon | 100.0 | 100.0 |   4.9 |  28.8 |  39.3 | 924.8
               +-------+-------+-------+-------+-------+----------------------

Table legend:
 A = Kills in this place as a percentage of kills in entire the game.
 B = Kills by you in this place as a percentage of kills by you in the entire game.
 C = Kills by friends in this place as a percentage of kills by friends in the entire game.
 D = Other kills in this place as a percentage of other kills in the entire game.
 E = Experience gained in this place as a percentage of experience gained in the entire game.
 F = Experience gained in this place divided by the number of levels of this place that you have seen.
                   A       B       C       D       E      F
               +-------+-------+-------+-------+-------+----------------------
         Total | 100.0 | 100.0 | 100.0 |   N/A | 100.0 |  97.5
       Dungeon | 100.0 | 100.0 | 100.0 |   N/A | 100.0 |  97.5
               +-------+-------+-------+-------+-------+----------------------

Skill      XL: |  1  2  3  4 |
---------------+-------------+-----
Dodging        | 2 |  2.7
Fighting       | 1 2 |  2.9
Stealth        | 2 |  2.7
Necromancy     | 5 |  5.7
Spellcasting   | |  2.8

Action                   |  1- 3 |  4- 6 || total
-------------------------+-------+-------++-------
Melee: Unarmed           |    14 |       ||    14
       Short sword       |       |    27 ||    27
       Headbutt          |       |     3 ||     3
 Cast: Pain              |    82 |    93 ||   175
       Animate Skeleton  |     8 |    18 ||    26
       Regeneration      |       |     1 ||     1
 Stab: Sleeping          |       |     5 ||     5
  Eat: Chunk             |     4 |     7 ||    11
Armor: Robe              |    16 |     4 ||    20
Dodge: Dodged            |    53 |    44 ||    97

Vanquished Creatures
  An orc warrior (D:3)
  Jessica (D:2)
  5 adders
  An ooze (D:1)
  3 worms
  A dart slug (D:1)
  2 leopard geckos (D:1)
  3 orcs (D:3)
  11 bats
  3 giant cockroaches
  13 goblins
  10 hobgoblins
  7 jackals (D:1)
  2 quokkas (D:3)
  3 ball pythons (D:2)
  7 frilled lizards
  4 kobolds
  7 rats
84 creatures vanquished.

Vanquished Creatures (collateral kills)
  A worm (D:2)
  A bat (D:1)
  2 goblins (D:3)
  2 kobolds
6 creatures vanquished.

Grand Total: 90 creatures vanquished
